 Dungeon Crawl Stone Soup version 0.30.0-11-gf55b779eaf (webtiles) character file.

Game seed: 3581719759121213946

4239 AlmostDecent the Magician (level 10, -6/74 HPs)
             Began as a Gnoll Earth Elementalist on May 17, 2023.
             Was a Follower of Vehumet.
             Killed by the air
             ... invoked by Gastronok
              (30 damage)
             ... on level 8 of the Dungeon.
             The game lasted 00:30:16 (7107 turns).

AlmostDecent the Magician (GnEE)                    Turns: 7107, Time: 00:30:17

Health: -6/74      AC:  6    Str:  7    XL:     10   Next: 30%
Magic:  29/30      EV: 20    Int: 18    God:    Vehumet [*.....]
Gold:   134        SH:  0    Dex: 14    Spells: 11/23 levels left

rFire   . . .        o - +4 flail (protect)
rCold   . . .        (no shield)
rNeg    . . .        j - +2 robe {Archmagi}
rPois   .            s - +0 helmet
rElec   .            y - +0 cloak
rCorr   .            (no gloves)
SInv    .            (no boots)
Will    .....        (no amulet)
Stlth   +++          l - ring of magical power
HPRegen 0.32/turn    r - +5 ring of evasion
MPRegen 0.22/turn

%: archmagi
@: about to teleport
A: fangs 1, strong nose, distributed training
a: Renounce Religion


You were on level 8 of the Dungeon.
You worshipped Vehumet.
Vehumet was aware of your devotion.
You visited 2 branches of the dungeon, and saw 9 of its levels.

You collected 460 gold pieces.
You spent 326 gold pieces at shops.

Inventory:

Hand Weapons
 o - a +4 flail of protection (weapon)
 u - a +1 short sword
 x - a +3 spear
Missiles
 p - a throwing net
Armour
 j - a +2 robe of the Archmagi (worn)
 s - a +0 helmet (worn)
 y - a +0 cloak (worn)
 A - +0 steam dragon scales
Magical Staves
 n - a staff of fire
Jewellery
 b - a +6 ring of dexterity
 e - a ring of willpower
 l - a ring of magical power (left hand)
 r - a +5 ring of evasion (right hand)
Wands
 g - a wand of paralysis (13)
 k - a wand of polymorph (11)
 q - a wand of digging (9)
 B - a wand of light (5)
Scrolls
 d - 14 scrolls of identify
 h - 2 scrolls of enchant weapon
 i - 3 scrolls of enchant armour
 t - 6 scrolls of teleportation
 v - 2 scrolls of amnesia
 w - a scroll of magic mapping
Potions
 a - a potion of magic
 c - a potion of haste
 f - a potion of curing
 m - 4 potions of mutation
Miscellaneous
 z - a lightning rod (4/4)


   Skills:
 + Level 5.3 Fighting
 + Level 5.3 Short Blades
 + Level 5.3 Long Blades
 + Level 5.3 Axes
 + Level 5.3 Maces & Flails
 + Level 5.3 Polearms
 + Level 5.3 Staves
 + Level 5.3 Ranged Weapons
 + Level 5.3 Throwing
 + Level 5.3 Armour
 + Level 7.1 Dodging
 + Level 6.9 Stealth
 + Level 5.3 Shields
 + Level 5.3 Unarmed Combat
 + Level 7.4 Spellcasting
 + Level 4.4 Conjurations
 + Level 4.4 Hexes
 + Level 4.4 Summonings
 + Level 4.4 Necromancy
 + Level 4.4 Translocations
 + Level 5.0 Transmutations
 + Level 4.4 Fire Magic
 + Level 4.4 Ice Magic
 + Level 4.4 Air Magic
 + Level 7.1 Earth Magic
 + Level 4.4 Poison Magic
 + Level 5.9 Invocations
 + Level 5.3 Evocations


You had 11 spell levels left.
You knew the following spells:

 Your Spells              Type           Power      Damage    Failure   Level
a - Sandblast             Erth           96%        2d20      1%          1
b - Stone Arrow           Conj/Erth      82%        3d12      3%          3
c - Summon Small Mammal   Summ           100%       N/A       1%          1
d - Olgreb's Toxic Radia  Pois           33%        N/A       17%         4
e - Ignite Poison         Fire/Tmut/Pois 35%        N/A       4%          3

Your spell library contained the following spells:

 Spells                   Type           Power      Damage    Failure   Level
 Shock                    Conj/Air       100%       1d9       1%          1
 Apportation              Tloc           66%        N/A       1%          1
 Necrotise                Necr           100%       1d9       1%          1
 Sting                    Tmut/Pois      100%       1d8       1%          1
 Passwall                 Tmut/Erth      35%        N/A       1%          2
 Poisonous Vapours        Pois/Air       66%        N/A       2%          2
 Petrify                  Tmut/Erth      42%        N/A       9%          4
 Sticky Flame             Conj/Fire      33%        2d5       17%         4
 Ignition                 Fire           16%        3d7       100%        8


Dungeon Overview and Level Annotations

Branches:
Dungeon (8/15)             Temple (1/1) D:6
   Lair: D:8-11

Altars:
Cheibriados
Dithmenos
Elyvilon
Fedhas
Gozag
Kikubaaqudgha
Makhleb
Nemelex Xobeh
Okawaru
Qazlal
Ru
Sif Muna
Trog
Uskayaw
Vehumet
Wu Jian
Xom
Yredelemnul
Zin
The Shining One

Shops:
D:6 *   D:7 !:([:

Annotations:
D:5 2 transporters, liarliar's ghost, novice DgCj
D:8 Gastronok


Innate Abilities, Weirdness & Mutations

You have very sharp teeth.
Your uncanny sense of smell can sniff out nearby items.
Your experience applies equally to all skills.


Message History

You feel a surge of power!
The blast of sand hits the orc!!
You kill the orc!
Vehumet accepts your kill. Something hits you.
Gastronok waves his eye-stalks in wide circles.
The air twists around and strikes you! Something hits you but does no damage.
You feel a surge of power!
The blast of sand hits Gastronok!!
Gastronok is lightly wounded.
You hear some strange, mumbled words.
A magic dart appears from out of thin air!
The magic dart hits you.
Gastronok chants a spell, wobbling all the while.
Gastronok puts on a burst of speed!
You miss something. Your bite misses something. Something barely misses you.
You barely miss something. Something hits you but does no damage.
You closely miss something. Something barely misses you. Something misses you.
You hit something.
Your weapon exudes an aura of protection.
Your bite misses something. Something hits you but does no damage.
You barely miss something. Something hits you but does no damage.
You barely miss something.
You hear some strange, mumbled words.
A magic dart appears from out of thin air!
The magic dart hits you.
Gastronok mumbles some strange words.
You barely miss something. You bite something. Something hits you.
You closely miss something. Something hits you but does no damage.
You miss something. Something closely misses you. Something hits you!
You closely miss something. Something hits you.
You closely miss something.
Gastronok waves his eye-stalks in wide circles.
The air twists around and strikes you!!
* * * LOW HITPOINT WARNING * * *
Something hits you but does no damage.
You feel better. Something hits you.
As you read the scroll of teleportation, it crumbles to dust.
You feel strangely unstable. Something barely misses you.
Gastronok waves his eye-stalks in wide circles.
The air twists around and strikes you!!
You die...

######### .......
#.......# .......
#.#####.# ....... #.# #.#
....... ##.#####.# ..)..
.........# ...
##.#################w#
##..............@...)#
.......................>#
##..#####################
#..######## [.## #....#
.## #.##+##### ##
#..<.....# # ##.......# #
#.......#


You could see Gastronok (swift).

Vanquished Creatures
  A two-headed ogre (D:7)
  Pikel (D:4)
  A yak (D:7)
  2 steam dragons
  Edmund (D:4)
  An acid dragon (D:7)
  3 water moccasins
  2 sky beasts
  2 black bears (D:5)
  2 orc warriors (D:8)
  An ogre (D:7)
  2 centaurs
  A lemure (D:4)
  A phantom (D:4)
  2 kobold brigands (D:7)
  3 bullfrogs
  A gnoll sergeant (D:6)
  5 wights (D:6)
  A howler monkey (D:5)
  2 jellies
  2 orc priests
  3 hounds
  A sleepcap (D:8)
  Jessica (D:3)
  An iguana (D:5)
  7 orc wizards
  Robin (D:2)
  5 gnolls (D:6)
  6 adders
  A shadow imp (D:7)
  2 white imps
  A dart slug (D:1)
  25 orcs
  6 bats
  3 endoplasms
  2 giant cockroaches
  10 goblins
  4 hobgoblins
  3 jackals (D:1)
  14 kobolds
  4 quokkas
  8 ball pythons
  2 frilled lizards (D:1)
  2 rats (D:1)
149 creatures vanquished.

Vanquished Creatures (others)
  An orc (D:5)
1 creature vanquished.

Grand Total: 150 creatures vanquished

Notes
Turn   | Place    | Note
-------+----------+-------------------------------------------
     0 | D:1      | AlmostDecent the Gnoll Earth Elementalist began the quest
                  | for the Orb.
     0 | D:1      | Reached XP level 1. HP: 13/13 MP: 6/6
   165 | D:1      | Reached XP level 2. HP: 19/19 MP: 1/7
   383 | D:1      | Found a faded altar of an unknown god.
  1006 | D:2      | Reached skill level 5 in Spellcasting
  1006 | D:2      | Reached XP level 3. HP: 25/25 MP: 6/9
  1010 | D:2      | Learned a level 3 spell: Stone Arrow
  1289 | D:2      | Noticed Robin
  1295 | D:2      | Killed Robin
  1296 | D:2      | Reached skill level 1 in Invocations
  1573 | D:3      | Reached skill level 1 in Fighting
  1573 | D:3      | Reached skill level 1 in Short Blades
  1573 | D:3      | Reached skill level 1 in Long Blades
  1573 | D:3      | Reached skill level 1 in Axes
  1573 | D:3      | Reached skill level 1 in Maces & Flails
  1573 | D:3      | Reached skill level 1 in Polearms
  1573 | D:3      | Reached skill level 1 in Staves
  1573 | D:3      | Reached skill level 1 in Ranged Weapons
  1573 | D:3      | Reached skill level 1 in Throwing
  1573 | D:3      | Reached skill level 1 in Armour
  1573 | D:3      | Reached skill level 1 in Shields
  1573 | D:3      | Reached skill level 1 in Unarmed Combat
  1573 | D:3      | Reached skill level 1 in Evocations
  1605 | D:3      | Noticed Jessica
  1609 | D:3      | Killed Jessica
  1610 | D:3      | Reached XP level 4. HP: 32/32 MP: 9/11
  1638 | D:3      | Reached skill level 1 in Conjurations
  1638 | D:3      | Reached skill level 1 in Hexes
  1638 | D:3      | Reached skill level 1 in Summonings
  1638 | D:3      | Reached skill level 1 in Necromancy
  1638 | D:3      | Reached skill level 1 in Translocations
  1638 | D:3      | Reached skill level 1 in Fire Magic
  1638 | D:3      | Reached skill level 1 in Ice Magic
  1638 | D:3      | Reached skill level 1 in Air Magic
  1638 | D:3      | Reached skill level 1 in Poison Magic
  1807 | D:3      | Reached XP level 5. HP: 37/37 MP: 8/12
  2466 | D:4      | Noticed Pikel
  2466 | D:4      | Noticed a lemure
  2466 | D:4      | Noticed a lemure
  2467 | D:4      | Noticed a lemure
  2467 | D:4      | Noticed a lemure
  2468 | D:4      | Noticed Edmund
  2507 | D:4      | Killed Edmund
  2508 | D:4      | Reached skill level 5 in Dodging
  2508 | D:4      | Reached XP level 6. HP: 22/44 MP: 1/14
  2615 | D:4      | Identified the +1 cloak of Midsummer {Harm *Corrode Str+3
                  | SInv}
  2718 | D:4      | Killed Pikel
  2719 | D:4      | Reached skill level 5 in Stealth
  2719 | D:4      | Reached XP level 7. HP: 30/51 MP: 1/15
  3078 | D:4      | Reached XP level 8. HP: 50/58 MP: 10/16
  3174 | D:4      | You fall into a shaft and drop 1 floor!
  3174 | D:5      | Entered Level 5 of the Dungeon
  3179 | D:5      | Found a glowing golden altar of the Shining One.
  3180 | D:5      | Found an opulent altar of Gozag.
  3180 | D:5      | Found a stormy altar of Qazlal.
  3182 | D:5      | Found an ancient bone altar of Kikubaaqudgha.
  3583 | D:4      | Learned a level 1 spell: Summon Small Mammal
  4095 | D:5      | Found a transporter.
  4124 | D:5      | Noticed liarliar's ghost (novice DgCj)
  4186 | D:5      | Found a transporter.
  4366 | D:6      | Found a basalt altar of Yredelemnul.
  4393 | D:6      | Reached XP level 9. HP: 65/65 MP: 18/18
  4466 | D:6      | Found a staircase to the Ecumenical Temple.
  4475 | Temple   | Entered the Ecumenical Temple
  4702 | Temple   | Became a worshipper of Vehumet
  5065 | D:6      | Found Goyck's General Store.
  5073 | D:6      | Bought a scroll of teleportation for 36 gold pieces
  5073 | D:6      | Bought a scroll of magic mapping for 90 gold pieces
  5262 | D:6      | Found a white marble altar of Elyvilon.
  5907 | D:7      | Noticed a two-headed ogre
  5913 | D:7      | Killed a two-headed ogre
  5914 | D:7      | Reached skill level 5 in Invocations
  5975 | D:7      | Found Zugufum's Book Shop.
  6006 | D:7      | Bought a Young Poisoner's Handbook for 200 gold pieces
  6011 | D:7      | Learned a level 4 spell: Olgreb's Toxic Radiance
  6015 | D:7      | Learned a level 3 spell: Ignite Poison
  6039 | D:7      | Reached * piety under Vehumet
  6039 | D:7      | Offered knowledge of Shock by Vehumet.
  6040 | D:7      | Reached skill level 5 in Fighting
  6040 | D:7      | Reached skill level 5 in Short Blades
  6040 | D:7      | Reached skill level 5 in Long Blades
  6040 | D:7      | Reached skill level 5 in Axes
  6040 | D:7      | Reached skill level 5 in Maces & Flails
  6040 | D:7      | Reached skill level 5 in Polearms
  6040 | D:7      | Reached skill level 5 in Staves
  6040 | D:7      | Reached skill level 5 in Ranged Weapons
  6040 | D:7      | Reached skill level 5 in Throwing
  6040 | D:7      | Reached skill level 5 in Armour
  6040 | D:7      | Reached skill level 5 in Shields
  6040 | D:7      | Reached skill level 5 in Unarmed Combat
  6040 | D:7      | Reached skill level 5 in Evocations
  6040 | D:7      | Reached XP level 10. HP: 52/74 MP: 20/20
  6041 | D:7      | Found Wimni's Distillery.
  6235 | D:7      | Found Sihuhism's Antique Weapon Shop.
  6274 | D:7      | Found Moxzoh's Antique Armour Emporium.
  6406 | D:7      | Found Ruemnu Baicu's Book Shop.
  7084 | D:8      | Noticed Gastronok
  7090 | D:8      | Reached skill level 5 in Transmutations
  7107 | D:8      | Killed from afar by Gastronok

Illustrated notes

Levels and vault maps discovered:
D:1:      nagdon_arrival_double_spiral, layout_basic,
          shapermc_ecumenical_altar_mp_highgroup
D:2:      layout_loops_ring, minmay_misc_feat_chi, uniq_robin
D:3:      layout_basic, uniq_jessica
D:4:      layout_basic, uniq_pikel, uniq_edmund
D:5:      layout_rooms, grunt_temple_overflow_open,
          gammafunk_ghost_gnarly_gnolls
D:6:      layout_basic, amcnicky_altar_gilded, elyvilon_altar_1,
          minmay_temple_entry_statues_fountains, serial_shops, shop
D:7:      kennysheep_big_flooded_room, layout_basic, serial_shops,
          nicolae_shop_tiny_real_fake_doors, shop, shop, shop,
          nicolae_take_the_stairs
D:8:      layout_basic, serial_corexii_hall, chequers_hall_statues_y,
          corexii_hall_statues_x, nrook_mini_vaults, uniq_gastronok
Temple:   minmay_temple_curvy_branch

Skill      XL: |  1  2  3  4  5  6  7  8  9 10 |
---------------+-------------------------------+-----
Transmutations | 2 3 4 5 |  5.0
Spellcasting   | 5 6 7 |  7.4
Invocations    | 1 2 3 4 5 |  5.9
Fighting       | 1 2 3 5 |  5.3
Short Blades   | 1 2 3 5 |  5.3
Long Blades    | 1 2 3 5 |  5.3
Axes           | 1 2 3 5 |  5.3
Maces & Flails | 1 2 3 5 |  5.3
Polearms       | 1 2 3 5 |  5.3
Staves         | 1 2 3 5 |  5.3
Ranged Weapons | 1 2 3 5 |  5.3
Throwing       | 1 2 3 5 |  5.3
Armour         | 1 2 3 5 |  5.3
Shields        | 1 2 3 5 |  5.3
Unarmed Combat | 1 2 3 5 |  5.3
Evocations     | 1 2 3 5 |  5.3
Conjurations   | 1 2 3 4 |  4.4
Hexes          | 1 2 3 4 |  4.4
Summonings     | 1 2 3 4 |  4.4
Necromancy     | 1 2 3 4 |  4.4
Translocations | 1 2 3 4 |  4.4
Fire Magic     | 1 2 3 4 |  4.4
Ice Magic      | 1 2 3 4 |  4.4
Air Magic      | 1 2 3 4 |  4.4
Poison Magic   | 1 2 3 4 |  4.4
Dodging        | 5 6 7 |  7.1
Stealth        | 5 6 |  6.9
Earth Magic    | 6 7 |  7.1

Action                     |  1- 3 |  4- 6 |  7- 9 | 10-12 || total
---------------------------+-------+-------+-------+-------++-------
  Melee: Spear             |     1 |       |       |       ||     1
         Short sword       |       |    18 |       |       ||    18
         Bite              |       |     2 |     1 |     3 ||     6
         Flail             |       |       |    13 |    25 ||    38
         Punch             |       |       |     1 |     1 ||     2
   Cast: Sandblast         |    39 |    36 |   107 |    42 ||   224
         Stone Arrow       |       |    12 |    10 |       ||    22
    Use: Potion            |       |     5 |     5 |     1 ||    11
         Scroll            |       |     5 |     6 |     1 ||    12
   Stab: Invisible         |       |     2 |       |       ||     2
 Armour: Robe              |     1 |     2 |    24 |    11 ||    38
  Dodge: Dodged            |     5 |    56 |   187 |    38 ||   286
